 Dungeon Crawl Stone Soup version bcrawl-1.28.1b (webtiles) character file.

Game seed: 10028611304868669747

550029 LostNumber the Devastator (level 14, -30/99 HPs)
             Began as a Fairy Conjurer on Dec 18, 2020.
             Was a High Priest of Vehumet.
             Killed by an exploding ball lightning (48 damage)
             ... created by the player character
             ... on level 6 of the Lair of Beasts on Dec 19, 2020.
             The game lasted 00:34:18 (13393 turns).

LostNumber the Devastator (Fairy Conjurer)         Turns: 13393, Time: 00:34:19

Health: -30/99     AC: 11    Str: 11    XL:     14   Next: 4%
Magic:  18/27      EV: 23    Int: 30    God:    Vehumet [*****.]
Gold:   934        SH: 18    Dex: 14    Spells: 4/28 levels left

rFire    . . .     SeeInvis .   j - +5 dagger
rCold    . . .     Gourm    .   G - +0 medium shield
rNeg     . . .     Faith    +   (armour unavailable)
rPois    .         Spirit   .   P - +2 hat
rElec    .         Reflect  .   (no cloak)
rCorr    .         Harm     .   O - +1 pair of gloves
MR       ++...                  (no boots)
Stlth    +.........             K - amulet of faith {!P}
HPRegen  0.26/turn              l - ring of protection from magic
MPRegen  0.20/turn              D - ring of Yqyfuu {Str+5 Int+7}

@: flying evasively, very slightly contaminated
A: small, magic attunement, unstealthy, unfitting armour, able to fly, AC/SH +7
a: Stop Flying, Renounce Religion


You were on level 6 of the Lair of Beasts.
You worshipped Vehumet.
Vehumet was extremely pleased with you.
You were not hungry.

You visited 3 branches of the dungeon, and saw 16 of its levels.
You also visited: Ossuary.

You collected 1044 gold pieces.
You spent 110 gold pieces at shops.

Inventory:

Hand Weapons
 j - a +5 dagger (weapon)
   (You took it off a kobold on level 2 of the Dungeon)
 Q - a +0 blowgun
   (You found it on level 1 of the Lair of Beasts)
Missiles
 a - 2 throwing nets {=f!f}
 R - 16 curare-tipped needles {!f}
Armour
 G - a +0 medium shield (worn)
   (You found it on level 7 of the Dungeon)
 O - a +1 pair of gloves (worn)
   (You found it on level 1 of the Lair of Beasts)
 P - a +2 hat (worn)
   (You found it on level 1 of the Lair of Beasts)
Magical Staves
 v - an uncursed staff of air
   (You found it on level 5 of the Lair of Beasts)
Jewellery
 l - a ring of protection from magic (left hand)
   (You found it on level 1 of the Lair of Beasts)
 o - an uncursed ring of protection from cold
   (You found it on level 4 of the Lair of Beasts)
 D - the ring of Yqyfuu (right hand) {Str+5 Int+7}
   (You found it on level 6 of the Dungeon)

   [ring of intelligence]

   It affects your strength (+5).
   It affects your intelligence (+7).
 K - an amulet of faith (around neck) {!P}
   (You found it on level 9 of the Dungeon)
 U - a +3 amulet of reflection
   (You found it on level 2 of the Lair of Beasts)
 W - an uncursed ring of wizardry
   (You found it on level 2 of the Lair of Beasts)
Wands
 d - a wand of iceblast (29)
   (You found it on level 5 of the Dungeon)
 q - a wand of polymorph (27)
   (You found it on level 4 of the Dungeon)
 t - a wand of flame (7)
   (You took it off a kobold on level 6 of the Dungeon)
 x - a wand of acid (8)
   (You found it on level 4 of the Lair of Beasts)
 E - a wand of clouds (2)
   (You found it on level 6 of the Dungeon)
 L - a wand of scattershot (4)
   (You found it on level 9 of the Dungeon)
Scrolls
 f - a scroll of fog
 g - a scroll of immolation {unknown}
 i - a scroll of enchant armour
 k - 5 scrolls of teleportation {@r4}
 n - a scroll of amnesia
 y - a scroll of magic mapping
 z - a scroll of vulnerability {unknown}
 B - a scroll of fear
 M - 6 scrolls of remove curse {@r2}
 S - a scroll of enchant weapon
 T - a scroll of blinking
 Y - a scroll of torment {unknown}
 Z - a scroll of summoning
Potions
 b - 2 potions of magic
 c - a potion of might {unknown}
 h - 8 potions of curing {@q1}
 p - a potion of agility
 r - a potion of lignification {unknown}
 s - 3 potions of cancellation
 u - 3 potions of haste {@q3}
 w - a potion of brilliance
 C - a potion of flight {unknown}
 F - 2 potions of resistance
 J - a potion of invisibility {unknown}
 N - 3 potions of mutation {!q}
 V - a potion of ambrosia
 X - 3 potions of heal wounds {@q2}
Miscellaneous
 I - a sack of spiders
   (You found it on level 5 of the Lair of Beasts)
Comestibles
 e - 36 rations {!d!d}
 m - 2 chunks of flesh


   Skills:
 + Level 10.8 Fighting
 + Level 14.9 Dodging
 - Level 1.5 Stealth
 - Level 8.0 Shields
 + Level 7.7 Spellcasting
 + Level 15.6 Conjurations
 * Level 7.7 Air Magic


You had 4 spell levels left.
You knew the following spells:

 Your Spells              Type           Power        Failure   Level  Hunger
a - Magic Dart            Conj           ####         1%          1    None
b - Stone Arrow           Conj/Erth      ######       2%          3    None
c - Lightning Bolt        Conj/Air       ######....   4%          5    None
d - Conjure Ball Lightni  Conj/Air       ######....   22%         6    None
e - Airstrike             Air            ######....   7%          4    None
s - Searing Ray           Conj           #######.     1%          2    None
x - Iskenderun's Mystic   Conj           #######.     1%          3    None

Your spell library contained the following spells:

 Spells                   Type           Power        Failure   Level  Hunger
 Fulminant Prism          Conj/Hex       ######....   7%          4    None
 Dazzling Orbs            Conj/Hex       ######.      9%          3    None
 Yara's Violent Unravell  Hex/Tmut       ##........   82%         4    None
 Confuse                  Hex            ##......     89%         3    None
 Petrify                  Tmut/Erth      ##........   100%        4    None
 Irradiate                Conj/Tmut      ######....   19%         5    None
 Mana Rupture             Conj/Hex       ######....   99%         7    None
 Metabolic Englaciation   Hex/Ice        ##........   100%        5    None


Dungeon Overview and Level Annotations

Branches:
Dungeon (9/12)             Temple (1/1) D:5            Lair (6/6) D:9
 Shoals (0/3) Lair:2       Spider (0/3) Lair:4
  Slime: Lair:5-6       Orc: D:8-11

Altars:
Ashenzari
Cheibriados
Dithmenos
Elyvilon
Fedhas
Gozag
Hepliaklqana
Kikubaaqudgha
Lugonu
Makhleb
Nemelex Xobeh
Okawaru
Qazlal
Ru
Sif Muna
Trog
Uskayaw
Vehumet
Wu Jian
Xom
Yredelemnul
Zin
The Shining One

Shops:
D:6 *   D:7 !   D:8 }

Annotations:
D:2 1 runed door
D:3 exclusion: oklob plant
Lair:3 3 runed translucent doors, Huasawuy's ghost, journeyman TrWz


Innate Abilities, Weirdness & Mutations

Your spells do not cause hunger and MP costs are reduced by 1.
Your bright wings attract enemies. (Stealth-)
You cannot fit into any form of body armour.
Your shimmering scales are hard and can block incoming attacks. (AC +7, SH +7)
You are small and have problems with some larger weapons.
You can fly continuously.


Message History

A death yak comes into view.
The death yak bellows!
Aim: a death yak Your line of fire to the death yak is blocked by a fungus.
Continue anyway?
Okay, then.
Okay, then.
Unknown command.
You miscast Conjure Ball Lightning.
You are very lightly contaminated with residual magic.
You are caught in an explosion of electrical discharges!
The explosion engulfs you!
The explosion engulfs the fungus! x2
The elephant trumpets!
You hear a croak.
You hear a roar!
You hear a trumpeting! x2
A death yak comes into view.
Unknown command.
You create some ball lightning!
The death yak bellows!
The cane toad hits the fungus!!
The death yak completely misses you.
The death yak gores the fungus!!
The fungus is destroyed!
You block the vampire mosquito's attack.
Unknown command.
Your ball lightning explodes!
The blast of lightning engulfs the vampire mosquito!!
You destroy the vampire mosquito!
Vehumet accepts your kill.
You feel your power returning.
The blast of lightning engulfs your ball lightning.
Your ball lightning completely resists.
The blast of lightning engulfs you!!
The blast of lightning engulfs your ball lightning.
Your ball lightning completely resists.
The blast of lightning engulfs the fungus!
Your ball lightning explodes!
The blast of lightning engulfs the fungus!!
You destroy the fungus!
The blast of lightning engulfs your ball lightning.
Your ball lightning completely resists.
The blast of lightning engulfs the death yak!!
The blast of lightning engulfs the cane toad!!
The blast of lightning engulfs you!!
* * * LOW HITPOINT WARNING * * *
The blast of lightning engulfs the fungus!!
You destroy the fungus!
You hear a shout!
You hear a trumpeting!
Unknown command.
Your ball lightning explodes!
The blast of lightning engulfs the death yak!!!
The blast of lightning engulfs you!!!
You die... ........†............. .........†......Y..... ..#....$................. ................Y........ .. ..............Y....... .. .. ..###P#..#####YF.####. .. .PP . ##########Y...# .## P.P

# ##.#....##### ##.##...#
.#..#.....@.##..###...#...P
..........<................
.....................<.....
........P..........#.......
...........................
...........................
..#.#.#.##..#.P##P##...##..
# ###########..########. ##
#### ##


You could see 4 death yaks, an elephant and a cane toad.

Vanquished Creatures
  5 hydras
  Erolcha (D:9)
  A two-headed ogre (D:9)
  2 catoblepae
  A centaur warrior (D:9)
  Nergalle (D:9)
  A lindwurm (Lair:5)
  A manticore (Lair:2)
  6 elephants (Lair:4)
  5 black mambas
  13 cane toads
  5 komodo dragons
  7 rime drakes (Lair:4)
  2 queen bees
  A troll (D:6)
  A slime creature (D:9)
  17 dream sheep
  21 blink frogs
  6 hippogriffs
  A wyvern (D:9)
  A redback (Lair:4)
  A basilisk (D:9)
  10 yaks
  A hungry ghost (D:9)
  Grum (D:9)
  3 vampire mosquitoes
  Edmund (D:5)
  An acid dragon (Lair:4)
  8 crocodiles
  5 water moccasins
  13 porcupines
  An orc warrior (D:6)
  A sky beast (D:6)
  8 ogres
  5 centaurs
  9 wolves
  11 bullfrogs
  An elf zombie (Ossuary)
  4 big kobolds
  A wyvern skeleton (D:5)
  A scorpion (D:8)
  3 wights (D:7)
  33 killer bees
  An electric eel (Lair:4)
  2 howler monkeys
  6 crimson imps
  2 centaur zombies (Ossuary)
  A human zombie (Ossuary)
  A quasit (D:7)
  A bullfrog zombie (D:6)
  A jelly (D:6)
  4 hounds
  3 bullfrog skeletons
  2 centaur skeletons
  4 orc priests
  A gnoll shaman (D:8)
  Jessica (D:9)
  3 iguanas
  2 orc wizards
  6 worker ants
  3 big kobold zombies (Ossuary)
  A hound zombie (Ossuary)
  A hound skeleton (D:4)
  3 mummies (Ossuary)
  5 gnolls (D:8)
  4 adders
  A shadow imp (D:3)
  2 oozes
  2 adder zombies (Ossuary)
  2 adder skeletons
  8 worms
  2 dart slugs
  8 leopard geckos
  12 orcs
  2 giant cockroaches
  4 goblins
  6 hobgoblins
  18 jackals
  12 kobolds
  4 ball pythons
  5 bats
  8 frilled lizards
  4 goblin zombies (Ossuary)
  8 hobgoblin zombies (Ossuary)
  A jackal zombie (Ossuary)
  2 kobold zombies (Ossuary)
  An orc zombie (D:7)
  4 quokka zombies (Ossuary)
  3 rats (D:1)
  6 rat zombies (Ossuary)
  2 fungi (Lair:6)
  3 plants
409 creatures vanquished.

Vanquished Creatures (others)
  2 ball lightnings (Lair:6)
  8 fungi
  22 plants
32 creatures vanquished.

Grand Total: 441 creatures vanquished

Notes
Turn   | Place    | Note
-------+----------+-------------------------------------------
     0 | D:1      | LostNumber the Fairy Conjurer began the quest for the Orb.
     0 | D:1      | Reached XP level 1. HP: 11/11 MP: 6/6
   111 | D:1      | Reached skill level 5 in Conjurations
   141 | D:1      | Reached XP level 2. HP: 18/18 MP: 7/7
   516 | D:2      | Reached XP level 3. HP: 22/22 MP: 9/9
   634 | D:2      | Reached skill level 1 in Fighting
   693 | D:2      | Reached XP level 4. HP: 28/28 MP: 10/10
   753 | D:2      | Found a runed door.
  1137 | D:2      | Found a bloodstained altar of Trog.
  1336 | D:3      | Found a blossoming altar of Fedhas.
  1548 | D:3      | Found a basalt altar of Yredelemnul.
  1830 | D:3      | Reached skill level 6 in Conjurations
  1847 | D:3      | Reached XP level 5. HP: 33/33 MP: 12/12
  2037 | D:3      | Noticed an oklob plant
  2136 | D:4      | Noticed an ogre
  2204 | D:3      | Killed an ogre
  2253 | D:3      | Learned a level 2 spell: Searing Ray
  2257 | D:3      | Learned a level 3 spell: Iskenderun's Mystic Blast
  2354 | D:4      | Reached XP level 6. HP: 39/39 MP: 6/14
  2632 | D:4      | Reached skill level 7 in Conjurations
  2694 | D:4      | Reached XP level 7. HP: 45/45 MP: 8/15
  2847 | D:4      | Reached skill level 5 in Dodging
  3222 | D:5      | Entered Level 5 of the Dungeon
  3222 | D:5      | Noticed Edmund
  3228 | D:5      | Killed Edmund
  3229 | D:5      | Reached skill level 5 in Spellcasting
  3239 | D:5      | Reached skill level 8 in Conjurations
  3665 | D:5      | Got a glittering diamond amulet
  3676 | D:5      | Found a shimmering altar of Xom.
  3682 | D:5      | Reached XP level 8. HP: 45/52 MP: 12/18
  3825 | D:5      | Found a corrupted altar of Lugonu.
  3951 | D:5      | Found a staircase to the Ecumenical Temple.
  3982 | Temple   | Entered the Ecumenical Temple
  4358 | D:6      | Noticed a troll
  4360 | D:6      | Killed a troll
  4361 | D:6      | Reached skill level 9 in Conjurations
  4464 | D:6      | Found an iron altar of Okawaru.
  4466 | D:6      | Found a shimmering altar of Xom.
  4594 | D:6      | Found a radiant altar of Vehumet.
  4625 | D:6      | Became a worshipper of Vehumet
  4742 | D:6      | Reached XP level 9. HP: 23/58 MP: 2/20
  4869 | D:6      | Got a steaming granite ring
  4884 | D:6      | Identified the amulet of Departure {Inacc Dex+2} (You found
                  | it on level 5 of the Dungeon)
  4885 | D:6      | Identified the ring of Yqyfuu {Str+5 Int+7} (You found it
                  | on level 6 of the Dungeon)
  4898 | D:6      | Reached skill level 10 in Conjurations
  5029 | D:6      | Found Coareu's Assorted Antiques.
  5482 | D:7      | Reached * piety under Vehumet
  5482 | D:7      | Offered knowledge of Shock by Vehumet.
  5520 | D:7      | Found Jukhlulea's Distillery.
  5534 | D:7      | Bought a potion of haste for 110 gold pieces
  5553 | D:7      | Found a glowing golden altar of the Shining One.
  5769 | D:7      | Found a sand-covered staircase.
  5776 | Ossuary  | Entered an ossuary
  6042 | Ossuary  | Offered knowledge of Sting by Vehumet.
  6043 | Ossuary  | Reached skill level 5 in Fighting
  6047 | Ossuary  | Reached ** piety under Vehumet
  6724 | D:8      | Reached skill level 1 in Shields
  6836 | D:8      | Reached skill level 11 in Conjurations
  6933 | D:8      | Reached XP level 10. HP: 66/66 MP: 15/23
  7022 | D:8      | Offered knowledge of Inner Flame by Vehumet.
  7060 | D:8      | Found Tais's Gadget Shop.
  7186 | D:8      | Found a sacrificial altar of Ru.
  7283 | D:8      | Reached *** piety under Vehumet
  7394 | D:9      | Noticed Grum
  7400 | D:9      | Reached skill level 5 in Shields
  7400 | D:9      | Killed Grum
  7436 | D:9      | Noticed a centaur warrior
  7445 | D:9      | Killed a centaur warrior
  7455 | D:9      | Noticed Nergalle
  7459 | D:9      | Killed Nergalle
  7878 | D:9      | Noticed a two-headed ogre
  7878 | D:9      | Noticed a three-headed hydra
  7882 | D:9      | Killed a two-headed ogre
  7883 | D:9      | Reached skill level 10 in Dodging
  7883 | D:9      | Reached skill level 12 in Conjurations
  7883 | D:9      | Reached XP level 11. HP: 74/74 MP: 21/24
  7884 | D:9      | Killed a three-headed hydra
  7977 | D:9      | Noticed Jessica
  7979 | D:9      | Killed Jessica
  7987 | D:9      | Found a shimmering blue altar of Sif Muna.
  8057 | D:9      | Found a staircase to the Lair.
  8064 | D:9      | Offered knowledge of Stone Arrow by Vehumet.
  8111 | D:9      | Noticed Erolcha
  8115 | D:9      | Killed Erolcha
  8120 | D:9      | Learned a level 3 spell: Stone Arrow
  8196 | Lair:1   | Entered Level 1 of the Lair of Beasts
  8336 | Lair:1   | Reached skill level 13 in Conjurations
  8409 | Lair:1   | Noticed a six-headed hydra
  8413 | Lair:1   | Killed a six-headed hydra
  8600 | Lair:1   | Reached **** piety under Vehumet
  8601 | Lair:1   | Reached XP level 12. HP: 83/83 MP: 17/25
  8692 | Lair:1   | Noticed Sonja
  8697 | Lair:1   | Noticed Sonja
  8697 | Lair:1   | Sonja changed into Sonja the queen bee
  8700 | Lair:1   | Killed Sonja the queen bee
  8910 | Lair:1   | Noticed a seven-headed hydra
  8915 | Lair:1   | Killed a seven-headed hydra
  8921 | Lair:1   | Offered knowledge of Lightning Bolt by Vehumet.
  8928 | Lair:1   | Learned a level 5 spell: Lightning Bolt
  9677 | Lair:2   | Found a staircase to the Shoals.
 10086 | Lair:3   | Reached skill level 14 in Conjurations
 10288 | Lair:3   | Found a runed translucent gate.
 10451 | Lair:3   | Found a runed translucent gate.
 10451 | Lair:3   | Found a runed translucent gate.
 10629 | Lair:3   | Noticed Huasawuy's ghost (journeyman TrWz)
 10947 | Lair:4   | Reached XP level 13. HP: 90/92 MP: 7/26
 10954 | Lair:4   | Reached ***** piety under Vehumet
 10955 | Lair:4   | Reached skill level 10 in Fighting
 11061 | Lair:4   | Offered knowledge of Conjure Ball Lightning by Vehumet.
 11080 | Lair:3   | Learned a level 6 spell: Conjure Ball Lightning
 11123 | Lair:3   | Reached skill level 1 in Air Magic
 11222 | Lair:4   | Reached skill level 15 in Conjurations
 11537 | Lair:4   | Found a hole to the Spider Nest.
 12169 | Lair:5   | Reached skill level 5 in Air Magic
 12983 | Lair:6   | Entered Level 6 of the Lair of Beasts
 13061 | Lair:6   | Offered knowledge of Airstrike by Vehumet.
 13067 | Lair:6   | Learned a level 4 spell: Airstrike
 13175 | Lair:6   | Reached XP level 14. HP: 99/99 MP: 12/27
 13393 | Lair:6   | Killed by an exploding ball lightning

Skill      XL: |  1  2  3  4  5  6  7  8  9 10 11 12 13 |
---------------+----------------------------------------+-----
Conjurations   | 5 6 7 8 9 11 12 13 14 15 | 15.6
Dodging        | 3 4 5 7 8 10 11 13 14 | 14.9
Spellcasting   | 3 4 5 6 7 |  7.7
Fighting       | 1 2 3 4 5 6 8 9 10 | 10.8
Shields        | 3 7 8 |  8.0
Air Magic      | 7 |  7.7
Stealth        | |  1.5

Action                   |  1- 3 |  4- 6 |  7- 9 | 10-12 | 13-15 || total
-------------------------+-------+-------+-------+-------+-------++-------
Melee: Unarmed           |     5 |       |       |       |       ||     5
       Dagger            |       |       |     2 |     1 |     2 ||     5
 Cast: Magic Dart        |    80 |   106 |   100 |    73 |    59 ||   418
       Iskenderun's Myst |       |    21 |   167 |   250 |   184 ||   622
       Searing Ray       |       |       |       |     1 |       ||     1
       Lightning Bolt    |       |       |       |       |     2 ||     2
       Stone Arrow       |       |       |       |       |     1 ||     1
       Conjure Ball Ligh |       |       |       |       |     1 ||     1
Evoke: Wand              |       |       |       |     1 |     1 ||     2
  Use: Scroll            |       |       |     8 |     4 |     8 ||    20
  Eat: Chunk             |       |     6 |    16 |    17 |    10 ||    49
Armor: Skin              |     1 |     2 |    11 |    16 |    11 ||    41
Dodge: Dodged            |    21 |    10 |    80 |    78 |    74 ||   263
Block: Other             |     2 |     6 |    28 |       |       ||    36
       Buckler           |       |       |     3 |    32 |       ||    35
       Medium shield     |       |       |       |    98 |   122 ||   220
